 Dungeon Crawl Stone Soup version 0.30.1-4-g462c640d31 (webtiles) character file.

Game seed: 13385543291349801125

138 spardeous the Conjurer (level 4, -3/33 HPs)
             Began as a Demigod Conjurer on Sept 1, 2023.
             Killed by divine providence
             ... invoked by an orc priest
              (11 damage)
             ... on level 3 of the Dungeon.
             The game lasted 00:03:51 (3761 turns).

spardeous the Conjurer (Demigod Conjurer)           Turns: 3761, Time: 00:03:51

Health: -3/33      AC:  3    Str:  4    XL:     4   Next: 70%
Magic:  11/11      EV: 16    Int: 24    God:
Gold:   186        SH:  0    Dex: 15    Spells: 6/9 levels left

rFire   . . .        q - +6 sling "Faurres" {freeze, Str-4 Dex+3 Stlth+}
rCold   . . .        (no shield)
rNeg    . . .        l - +0 leather armour
rPois   .            (no helmet)
rElec   .            (no cloak)
rCorr   .            (no gloves)
SInv    .            (no boots)
Will    .....        (no amulet)
Stlth   +++          p - +5 ring of evasion
HPRegen 0.25/turn    (no ring)
MPRegen 0.12/turn

%: no passive effects
@: no status effects
A: high MP 1, forlorn, divine attributes
a: no special abilities


You were on level 3 of the Dungeon.
You visited 1 branch of the dungeon, and saw 3 of its levels.

You collected 186 gold pieces.

Inventory:

Hand Weapons
 q - the +6 sling "Faurres" (weapon) {freeze, Str-4 Dex+3 Stlth+}
   (You found it on level 3 of the Dungeon)

   Str:       It affects your strength (-4).
   Dex:       It affects your dexterity (+3).
   Stlth:     It makes you more stealthy.
Missiles
 k - a throwing net
 m - 2 silver boomerangs
Armour
 a - a +0 robe
 l - a +0 leather armour (worn)
Jewellery
 p - a +5 ring of evasion (left hand)
Scrolls
 c - 2 scrolls of blinking {unknown}
 d - 3 scrolls of teleportation {unknown}
 e - 2 scrolls of vulnerability {unknown}
 g - a scroll of identify {unknown}
 h - a scroll of fog {unknown}
 n - a scroll of poison {unknown}
 o - a scroll of noise {unknown}
 r - a scroll of torment {unknown}
Potions
 b - 2 potions of magic
 j - 3 potions of might
 s - a potion of lignification


   Skills:
 - Level 1.7 Dodging
 - Level 1.7 Stealth
 + Level 3.3 Spellcasting
 + Level 4.8 Conjurations


You had 6 spell levels left.
You knew the following spells:

 Your Spells              Type           Power      Damage    Failure   Level
a - Magic Dart            Conj           100%       1d8       2%          1
b - Searing Ray           Conj           54%        2d6       4%          2

Your spell library contained the following spells:

 Spells                   Type           Power      Damage    Failure   Level
 Dazzling Flash           Conj/Hex       30%        N/A       22%         3
 Portal Projectile        Hex/Tloc       8%         N/A       50%         3
 Tukima's Dance           Hex            4%         N/A       50%         3
 Fulminant Prism          Conj/Hex       7%         3d6       56%         4
 Iskenderun's Mystic Bla  Conj/Tloc      15%        2d5       56%         4
 Blade Hands              Tmut           2%         N/A       99%         5


Dungeon Overview and Level Annotations

Branches:
Dungeon (3/15)


Innate Abilities, Weirdness & Mutations

You have an increased reservoir of magic. (+10% MP)
You shall have no god before yourself.
Your divine heritage dramatically boosts your attributes as you level up.


Message History

You bump into the rock wall.
You hear some strange, mumbled words.
A magic dart appears from out of thin air!
The magic dart hits you!
* * * LOW HITPOINT WARNING * * *
You take 9 damage, and have 11/33 hp.
MASSIVE DAMAGE!!
It was a potion of might.
You feel very mighty all of a sudden. Something hits you.
* * * LOW HITPOINT WARNING * * *
You take 3 damage, and have 8/33 hp.
It was a potion of lignification.
You turn into a tree.
Your +0 leather armour melds into your body.
Your roots penetrate the ground.
The orc priest looks satisfied for a moment.
Something hits you but does no damage.
You now have 13/49 hp.
You're too confused to cast spells.
You're too confused to cast spells.
You cannot move. (Use ctrl+direction or * direction to attack while stationary and confused.) Unknown command.
It was a potion of curing.
You feel better.
The orc priest mumbles some strange prayers to Beogh against you.
Beogh smites you!
* * * LOW HITPOINT WARNING * * *
Something hits you.
* * * LOW HITPOINT WARNING * * *
The orc shouts!
You take 1 damage, and have 12/49 hp.
It was a potion of flight.
Your roots keep you in place.
Something hits you but does no damage.
It was a potion of cancellation.
Your magical effects are unravelling.
You feel magically purged.
You feel less wooden.
Your +0 leather armour unmelds from your body.
You feel a little less mighty now.
The orc priest calls down the wrath of Beogh upon you.
Beogh smites you!
You die...

##.###### #.#.##.... #.#
#.#.###..#. #.#
#..<###..#.# #.#
#........# # #.#
#.########### #.# ##.##
.$$## #.#
##...#####.8.8$#
#.#######.....##oo.o.._#
#.............@{o#.8$8$#
#########)....##.# $..##
# #.......###.# ### #
#.####### #.# # #.# #.#
# #.# #.# # #.# #.# #
#.# #.# # ##.#


You could see an orc priest and 3 orcs.

Vanquished Creatures
  An orc priest (D:3)
  3 adders (D:3)
  3 worms (D:2)
  A dart slug (D:1)
  5 orcs (D:3)
  6 endoplasms
  A giant cockroach (D:3)
  8 hobgoblins
  4 jackals (D:1)
  7 kobolds
  2 quokkas (D:1)
  3 ball pythons
  4 bats
  3 frilled lizards (D:1)
  7 goblins
  5 rats
63 creatures vanquished.

Notes
Turn   | Place    | Note
-------+----------+-------------------------------------------
     0 | D:1      | spardeous the Demigod Conjurer began the quest for the Orb.
     0 | D:1      | Reached XP level 1. HP: 14/14 MP: 5/5
   371 | D:1      | Reached XP level 2. HP: 20/20 MP: 5/7
   458 | D:1      | Reached skill level 4 in Conjurations
   952 | D:1      | Reached XP level 3. HP: 18/26 MP: 3/9
  1709 | D:2      | Identified the +3 hand axe of Neovaawn {elec, *Corrode
                  | Drain rN+++ Str+8}
  3089 | D:3      | Learned a level 2 spell: Searing Ray
  3217 | D:3      | Reached XP level 4. HP: 33/33 MP: 1/11
  3301 | D:3      | Identified the +6 sling "Faurres" {freeze, Str-4 Dex+3
                  | Stlth+}
  3761 | D:3      | Killed from afar by an orc priest

Illustrated notes

Levels and vault maps discovered:
D:1:      dpeg_arrival_rooms_a, layout_rooms, st_stairs_6, hex_intersection
D:2:      kennysheep_six_static_rooms, layout_basic, kennysheep_crisscross,
          st_stairs_2
D:3:      layout_loops_ring, cheibriados_altar_1, kennysheep_orc_chapel

Skill      XL: |  1  2  3 |
---------------+----------+-----
Spellcasting   | 2 3 |  3.3
Conjurations   | 4 |  4.8
Dodging        | |  1.7
Stealth        | |  1.7

Action                     |  1- 3 |  4- 6 || total
---------------------------+-------+-------++-------
  Melee: Unarmed           |     1 |       ||     1
   Fire: Sling             |       |    19 ||    19
   Cast: Magic Dart        |   118 |       ||   118
         Searing Ray       |       |     1 ||     1
    Use: Potion            |       |     5 ||     5
 Armour: Robe              |     5 |       ||     5
         Skin              |       |     2 ||     2
  Dodge: Dodged            |    30 |     2 ||    32
